 Dungeon Sprint DCSS version 0.23.2-1-ga50397a (webtiles) character file.

Game seed: 9744442615009668735

91 Fang the Skirmisher (level 4, -26/48 HPs)
             Began as a Gargoyle Berserker on Apr 24, 2019.
             Was a Believer of Trog.
             Killed from afar by a fire dragon (34 damage)
             ... with a blast of flame
             ... in the Dungeon (Sprint V: "Ziggurat Sprint").
             The game lasted 00:00:49 (273 turns).

Fang the Skirmisher (Gargoyle Berserker)             Turns: 273, Time: 00:00:49

Health: -26/48     AC: 30    Str: 39    XL:     4   Next: 57%
Magic:  4/4        EV: 10    Int:  7    God:    Trog [**....]
Gold:   0          SH:  0    Dex:  9    Spells: 3/3 levels left

rFire    . . .     SeeInvis .   j - +5 executioner's axe
rCold    . . .     Gourm    .   (shield currently unavailable)
rNeg     + . .     Faith    .   k - +15 Maxwell's patent armour {-Cast -Tele rElec MR+ rCorr}
rPois    ∞         Spirit   .   (no helmet)
rElec    +         Reflect  .   (no cloak)
rCorr    +         Harm     .   (no gloves)
MR       +++..     NoTele   +   (no boots) Stlth ..........NoCast +
                                (no amulet)
HPRegen  1.16/turn              E - +6 ring of strength
MPRegen  0.09/turn              D - +6 ring of strength

@: berserking, regenerating, studying Shields, very quick
A: negative energy resistance 1, electricity resistance, unbreathing,
petrification resistance, rot immunity, AC +3
a: Berserk, Trog's Hand, Renounce Religion


You were in the Dungeon.
You worshipped Trog.
Trog was pleased with you.
You were not hungry.

You visited 1 branch

Inventory:

Hand Weapons
 j - a +5 executioner's axe (weapon)
Armour
 k - the +15 Maxwell's patent armour (worn) {-Cast -Tele rElec MR+ rCorr}
   (You found it in the Dungeon)

   It insulates you from electricity.
   It affects your resistance to hostile enchantments.
   It prevents spellcasting.
   It prevents most forms of teleportation.
   It provides partial protection from all sources of acid and corrosion.
Jewellery
 D - a +6 ring of strength (right hand)
 E - a +6 ring of strength (left hand)
Wands
 w - a wand of disintegration (7)
 x - a wand of iceblast (7)
 y - a wand of acid (7)
Scrolls
 i - 4 scrolls of blinking
 l - 7 scrolls of fog
 m - a scroll of holy word
 n - 5 scrolls of identify
 o - 5 scrolls of remove curse
 p - 2 scrolls of fear
Potions
 d - 10 potions of curing
 e - 10 potions of heal wounds
 f - 6 potions of haste
 g - 7 potions of magic
 h - 3 potions of berserk rage
 q - 2 potions of brilliance
 r - 2 potions of invisibility
 s - 4 potions of resistance
 t - a potion of experience
 u - 5 potions of agility
 v - 5 potions of might
Books
 b - a manual of Shields
Comestibles
 a - 6 chunks of flesh
 c - 7 rations


   Skills:
 + Level 5.7 Fighting
 + Level 4.7 Axes
 + Level 5.1 Armour
 + Level 3.8 Dodging


You had 3 spell levels left.
You didn't know any spells.
Your spell library was empty.

Dungeon Overview and Level Annotations

Branches:
Dungeon (1/1)

Altars:
Ashenzari
Cheibriados
Dithmenos
Elyvilon
Fedhas
Gozag
Hepliaklqana
Kikubaaqudgha
Makhleb
Nemelex Xobeh
Okawaru
Qazlal
Ru
Sif Muna
Trog
Uskayaw
Vehumet
Wu Jian
Xom
Yredelemnul
Zin
The Shining One
Beogh
Jiyva
Lugonu

Annotations:
D 1 transporter


Innate Abilities, Weirdness & Mutations

You are resistant to torment.
Your stone body is resilient. (AC +3)
You are immune to poison.
You resist negative energy. (rN+)
You are resistant to electric shocks. (rElec)
You can survive without breathing.
You are immune to petrification.
You are immune to rotting.


Message History

You slice the fire dragon!!
The fire dragon is moderately wounded.
You slash the centaur warrior!
The centaur warrior unwields a +0 shortbow.
The centaur warrior hits you but does no damage.
The fire dragon barely misses you.
The fire dragon claws you but does no damage.
The fire dragon tramples you but does no damage.
The hornet stings you but does no damage.
You hit the fire dragon but do no damage.
The fire dragon is moderately wounded.
You closely miss the centaur warrior. You barely miss the hornet.
The centaur warrior hits you.
* * * LOW HITPOINT WARNING * * *
The hornet stings you but does no damage.
The centaur warrior hits you but does no damage.
The fire dragon breathes flames at you. The blast of flame hits you!!
Ouch! That really hurt!
You die...

▓▓▓▓▓▓▓▓▓▓▓▓▓▓▓▓▓▓▓
▓.8©8.▓.8©8.▓.8©8.▓
▓.[=).▓.[.|.▓.....▓
▓..:..▓.....▓.).).▓
▓.....▓.....▓.).).▓
▓..o..▓.))..▓.....▓
▓.cDy.▓.....▓..©..▓
▓..@..▓..©..▓▓▓▓▓▓▓
▓▓▓▓▓▓▓▓▓▓▓▓▓


You could see a fire dragon, an orc knight, a centaur warrior and a hornet.

Vanquished Creatures
  2 orc priests (D)
  An orc wizard (D)
  2 orcs (D)
5 creatures vanquished.

Notes
Turn   | Place    | Note
-------+----------+-------------------------------------------
     0 | D        | Found the +6 Majin-Bo {vamp, Archmagi MP+6 Int+6}
     0 | D        | Found the +7 great mace "Firestarter" {inner flame, rF++}
     0 | D        | Fang the Gargoyle Berserker began the quest for the Orb.
     0 | D        | Reached XP level 1. HP: 14/14 MP: 1/1
     1 | D        | Found a blossoming altar of Fedhas.
     2 | D        | Found a viscous altar of Jiyva.
     2 | D        | Found a transporter.
     2 | D        | Found a hazy altar of Hepliaklqana.
     2 | D        | Found an ancient bone altar of Kikubaaqudgha.
     2 | D        | Found an opulent altar of Gozag.
     2 | D        | Found a corrupted altar of Lugonu.
     7 | D        | Found a burning altar of Makhleb.
    11 | D        | Found an iron altar of Okawaru.
    11 | D        | Found a stormy altar of Qazlal.
    11 | D        | Found a sparkling altar of Nemelex Xobeh.
    11 | D        | Found a sacrificial altar of Ru.
    11 | D        | Found a deep blue altar of Sif Muna.
    16 | D        | Found the +9 heavy crossbow "Sniper" {velocity, Acc+∞ SInv}
    16 | D        | Found the +15 Maxwell's patent armour {-Cast -Tele rElec
                  | MR+ rCorr}
    16 | D        | Found the +18 shield of the Gong {rElec rN+ MR+ EV-5}
    16 | D        | Found the cursed +14 obsidian axe {chop, +Fly SInv *Curse}
    20 | D        | Found a bloodstained altar of Trog.
    64 | D        | Entered arena 2.
    64 | D        | Noticed an orc wizard
    64 | D        | Found a transporter.
    68 | D        | Killed an orc wizard
    68 | D        | Reached XP level 2. HP: 20/20 MP: 2/2
    68 | D        | Reached XP level 3. HP: 24/24 MP: 3/3
    68 | D        | Reached ** piety under Trog
    73 | D        | Entered arena 3.
    73 | D        | Found a transporter.
    77 | D        | Reached skill level 5 in Fighting
    77 | D        | Reached XP level 4. HP: 18/31 MP: 4/4
    81 | D        | Reached skill level 5 in Armour
   268 | D        | Entered arena 4.
   268 | D        | Noticed an orc knight
   268 | D        | Noticed a centaur warrior
   268 | D        | Noticed a hornet
   268 | D        | Noticed a fire dragon
   268 | D        | Found a transporter.
   273 | D        | Killed from afar by a fire dragon

Skill      XL: |  1  2  3  4 |
---------------+-------------+-----
Fighting       | 4 5 |  5.7
Axes           | 3 4 |  4.7
Armour         | 3 4 5 |  5.1
Dodging        | 2 3 |  3.8

Action                   |  1- 3 |  4- 6 || total
-------------------------+-------+-------++-------
Melee: Executioner's axe |     5 |     8 ||    13
Invok: Berserk           |     1 |     1 ||     2
       Trog's Hand       |       |     1 ||     1
Armor: Plate armour      |     5 |    14 ||    19
Dodge: Dodged            |     3 |     5 ||     8
